Map: [ESL] Data-C

Players

SpeCial - Winner!

  • Race: Terran Terran
  • Spawn Location: 3:00

Krystianer

  • Race: Protoss Protoss
  • Spawn Location: 9:00

Event: DreamHack SC2 Masters 2022 Valencia

VOD

Have the link to the VOD?

Description

Time

  • Played on: July 2, 2022, 3:44 a.m.
  • Length: 11:51

All games in this series

Show
View Real Time Build Order
Export as new Build Order

SpeCial Terran - Winner!

Build Orders: Cyclone Opening 

Get SALT Encoding   

  12  0:00  SCV  
  13  0:12  SCV  
  14  0:17  Supply Depot  
  14  0:24  SCV  
  15  0:38  SCV  
  15  0:40  Barracks  
  16  0:44  Refinery  
  16  0:51  SCV  
  16  0:53  Refinery  
  17  1:03  SCV  
  18  1:15  SCV  
  19  1:20  Supply Depot  
  19  1:27  Orbital Command, Reaper  
  20  1:44  Factory  
  20  1:53  SCV  
  21  1:59  Reaper  
  22  2:06  SCV  
  23  2:18  SCV  
  23  2:21  Command Center  
  24  2:32  Factory Tech Lab  
  24  2:33  Barracks Reactor  
  24  2:36  SCV  
  25  2:45  Supply Depot  
  25  2:48  SCV  
  25  2:50  Cyclone  
  29  2:56  Barracks  
  29  3:00  SCV  
  29  3:05  Barracks  
  30  3:10  Marine  
  30  3:12  SCV  
  32  3:25  Widow Mine  
  32  3:26  Marine  
  34  3:28  Marine  
  34  3:30  SCV  
  35  3:35  Orbital Command  
  35  3:42  SCV  
  35  3:44  Marine  
  35  3:45  Barracks Tech Lab  
  35  3:46  Marine  
  38  3:49  Siege Tank  
  38  3:54  Barracks Tech Lab, SCV  
  42  4:01  Marine  
  42  4:02  SCV  
  44  4:04  Marine  
  44  4:06  SCV  
  45  4:13  Marine  
  45  4:14  Combat Shield, Marine, Stimpack  
  45  4:16  SCV  
  47  4:18  SCV  
  47  4:19  Marine  
  47  4:22  Supply Depot  
  49  4:28  SCV  
  49  4:31  Marine x3  
  51  4:35  SCV  
  54  4:40  Supply Depot  
  54  4:43  SCV, Siege Tank, Marine  
  59  4:47  SCV  
  59  4:51  Marauder  
  62  4:54  Supply Depot  
  62  5:02  SCV x2, Marine x2, Marauder  
  62  5:05  Engineering Bay  
  68  5:12  Marauder  
  69  5:14  SCV  
  69  5:15  SCV  
  69  5:20  Supply Depot  
  71  5:22  Refinery  
  71  5:23  Marine x2  
  71  5:24  Marauder  
  71  5:26  SCV  
  76  5:33  Marauder  
  78  5:40  Concussive Shells  
  78  5:41  SCV x2, Siege Tank  
  83  5:44  Supply Depot  
  83  5:45  Marauder  
  83  5:49  Marine  
  86  6:03  Starport  
  86  6:04  Supply Depot  
  86  6:05  SCV x2, Marine x2  
  86  6:07  Supply Depot  
  86  6:10  Marine x2  
  92  6:17  Bunker, SCV  
  93  6:23  Marine x2  
  93  6:24  SCV  
  87  6:28  Marine  
  87  6:29  SCV, Marine  
  78  6:36  SCV, Terran Infantry Weapons Level 1  
  78  6:37  Factory Reactor  
  78  6:39  Barracks, Bunker  
  79  6:40  Refinery, Starport Reactor  
  79  6:41  Barracks  
  79  6:43  SCV  
  79  6:46  Marine  
  79  6:47  Marine x2  
  81  6:48  SCV  
  81  6:54  Supply Depot x2  
  85  7:04  Marine x2  
  85  7:07  Marauder x2  
  90  7:16  Medivac x2  
  90  7:19  Widow Mine x2  
  90  7:22  Marine x2  
  99  7:24  Supply Depot  
  99  7:25  Armory  
  99  7:28  Marine x2  
  102  7:30  Marine x2  
  104  7:40  Marine x2, Widow Mine x2  
  110  7:46  Medivac x2, Marine x2  
  110  7:51  Marine x2  
  118  7:58  Supply Depot, Marine x2  
  120  8:03  Widow Mine x2  
  120  8:04  Marine  
  125  8:08  SCV x2  
  125  8:11  Marine x3  
  130  8:13  Supply Depot  
  130  8:16  Marine x2  
  132  8:21  Marine  
  132  8:25  Widow Mine x2  
  137  8:27  Supply Depot  
  137  8:28  Marine x2  
  137  8:29  Marine  
  137  8:30  Medivac  
  137  8:33  Marine x2  
  142  8:34  Medivac  
  142  8:39  Marine  
  144  8:47  Marine x2  
  144  8:48  Marauder  
  143  8:51  Marine x2  
  145  9:00  Marine  
  138  9:05  Marine  
  138  9:06  Marauder  
  138  9:09  Marine x2  
  129  9:18  Medivac, Widow Mine  
  129  9:20  Marine x2  
  133  9:25  Marine  
  134  9:37  Marine  
  134  9:38  Marine  
  136  9:42  Marine x2  
  138  9:47  Marine  
  139  9:52  Marine  
  125  10:01  Marine  
  126  10:08  Widow Mine  
  126  10:12  Marine  
  103  10:29  Marine  
  103  10:30  Marine x4, Marauder  
  114  10:35  Widow Mine x2  
  114  10:44  Medivac x2  
  114  10:47  Marine  
  119  10:56  Marine  
  122  10:57  Marauder  
  122  10:58  Marine  
  122  10:59  Marine  
  123  11:12  Marine, Marauder  
  116  11:19  Marine x3  
  116  11:20  Marauder  
  116  11:23  Widow Mine x2  
  122  11:29  Marine  
  127  11:40  Ghost Academy  
Show
View Real Time Build Order
Export as new Build Order

Krystianer Protoss 

Build Orders: 1 Gate Expand, Oracle Opening, Zealot Archon 

Get SALT Encoding   

  12  0:00  Probe  
  13  0:12  Probe  
  14  0:17  Pylon  
  14  0:24  Probe (Chrono Boost)  
  16  0:36  Probe (Chrono Boost), Gateway  
  16  0:43  Probe (Chrono Boost)  
  16  0:46  Assimilator  
  17  0:50  Probe  
  18  1:03  Probe  
  19  1:15  Probe  
  20  1:22  Nexus  
  21  1:34  Cybernetics Core  
  21  1:36  Probe  
  21  1:39  Assimilator  
  21  1:48  Probe  
  21  1:50  Pylon  
  22  2:00  Probe  
  23  2:07  Adept (Chrono Boost)  
  23  2:12  Probe  
  26  2:16  Stargate  
  26  2:24  Probe  
  26  2:27  Warp Gate  
  26  2:30  Adept (Chrono Boost)  
  26  2:34  Probe  
  26  2:36  Probe  
  30  2:46  Probe  
  30  2:48  Probe  
  31  2:53  Adept (Chrono Boost)  
  33  2:58  Probe  
  33  3:00  Probe  
  33  3:02  Oracle (Chrono Boost)  
  38  3:10  Probe  
  38  3:13  Probe  
  37  3:23  Probe  
  37  3:25  Probe  
  38  3:35  Probe  
  38  3:37  Probe  
  40  3:42  Nexus  
  40  3:47  Probe (Chrono Boost)  
  41  3:48  Pylon  
  41  3:55  Probe (Chrono Boost), Gateway  
  42  3:57  Probe (Chrono Boost)  
  42  4:02  Probe x2 (Chrono Boost)  
  43  4:13  Probe x2  
  41  4:18  Stalker, Gateway  
  41  4:21  Twilight Council  
  43  4:25  Probe  
  43  4:29  Shield Battery  
  45  4:32  Shield Battery  
  45  4:33  Probe  
  45  4:38  Probe (Chrono Boost)  
  46  4:41  Stalker  
  46  4:45  Probe (Chrono Boost)  
  49  4:51  Stalker  
  52  4:55  Charge (Chrono Boost), Probe (Chrono Boost)  
  52  4:56  Probe x2 (Chrono Boost)  
  54  5:03  Probe (Chrono Boost)  
  54  5:04  Probe (Chrono Boost)  
  54  5:05  Probe (Chrono Boost)  
  57  5:08  Probe (Chrono Boost)  
  57  5:11  Probe, Zealot  
  57  5:13  Probe  
  62  5:14  Pylon  
  62  5:17  Pylon  
  62  5:18  Zealot  
  62  5:20  Zealot  
  68  5:29  Phoenix  
  68  5:31  Gateway  
  68  5:34  Gateway, Zealot  
  70  5:40  Zealot x2  
  74  5:45  Gateway  
  74  5:48  Pylon, Probe  
  75  5:54  Zealot  
  77  5:59  Gateway  
  77  6:01  Zealot x2  
  77  6:03  Probe  
  82  6:04  Templar Archives  
  82  6:06  Probe  
  82  6:09  Pylon  
  83  6:14  Probe  
  83  6:17  Probe  
  83  6:18  Zealot  
  87  6:22  Zealot x2  
  83  6:30  Zealot x2  
  71  6:33  Phoenix (Chrono Boost)  
  71  6:38  Assimilator  
  70  6:40  Assimilator, Zealot x2  
  70  6:43  Pylon, High Templar  
  70  6:44  High Templar  
  70  6:45  Probe  
  79  6:47  Probe  
  79  6:49  Pylon  
  79  6:52  Zealot x2  
  79  6:53  Pylon, Archon  
  84  6:54  Pylon  
  84  6:56  Robotics Facility  
  84  6:57  Probe, Zealot  
  84  6:58  Probe  
  84  7:01  Zealot x2  
  92  7:05  Pylon  
  92  7:08  Phoenix (Chrono Boost)  
  94  7:19  Zealot x5  
  104  7:24  Pylon  
  104  7:29  Zealot x2  
  108  7:33  Phoenix, Probe  
  108  7:34  Pylon  
  111  7:41  Gateway  
  111  7:48  Zealot x5  
  121  7:52  Pylon  
  121  7:53  Pylon  
  120  7:58  High Templar x2  
  120  8:04  Probe, Gateway  
  125  8:11  Zealot  
  125  8:12  Archon, Zealot x4  
  136  8:25  Pylon  
  135  8:27  Pylon  
  135  8:33  Zealot x7  
  147  8:45  Observer (Chrono Boost)  
  126  8:57  Zealot x6  
  126  8:58  Zealot x2  
  126  8:59  Phoenix  
  126  9:00  Probe  
  125  9:03  Zealot  
  105  9:18  Zealot x5  
  105  9:19  Zealot x3  
  119  9:38  High Templar, Gateway  
  112  9:39  Gateway, High Templar x5  
  112  9:40  Zealot  
  112  9:41  Zealot  
  112  9:42  Archon, Zealot  
  112  9:43  Archon x2  
  89  10:03  Zealot  
  84  10:09  Zealot, Assimilator  
  84  10:10  Zealot  
  84  10:12  Zealot x6  
  84  10:13  Assimilator  
  100  10:19  Phoenix  
  93  10:21  Probe  
  93  10:22  Probe  
  68  10:43  High Templar x2  
  71  10:51  Archon  
  71  10:52  Zealot  
  71  10:53  Nexus, Zealot  
  51  11:26  High Templar x2  
  51  11:30  Archon  

Tags
 
Add a new tag
Caveats
  • Supply blocks, unpowered buildings, or Contaminate may cause inaccurate times.
  • Supply counts are checked every 10 seconds.